 Dungeon Crawl Stone Soup version 0.21-a0-522-ga8338f0 (webtiles) character file.

577 lemonriz the Slasher (level 7, -2/61 HPs)
             Began as a Minotaur Fighter on Dec 6, 2017.
             Was an Initiate of Okawaru.
             Slain by Duvessa
             ... wielding a +0 short sword
              (10 damage)
             ... on level 4 of the Dungeon.
             The game lasted 00:06:24 (3671 turns).

lemonriz the Slasher (Minotaur Fighter)             Turns: 3671, Time: 00:06:24

Health: -2/61      AC: 13    Str: 21    XL:     7   Next: 13%
Magic:  15/15      EV:  5    Int:  5    God:    Okawaru [......]
Gold:   178        SH: 10    Dex: 11    Spells: 6/6 levels left

rFire    . . .     SeeInvis .   a - +0 long sword
rCold    . . .     Gourm    .   c - +0 shield
rNeg     . . .     Faith    .   q - +0 plate armour
rPois    .         Spirit   .   (helmet restricted)
rElec    .         Reflect  .   (no cloak)
rCorr    .         Harm     .   (no gloves)
MR       +....                  k - +0 pair of boots
Stlth    ..........             (no amulet)
HPRegen  0.20/turn              w - ring of magical power
MPRegen  0.14/turn              y - ring of protection from magic

@: no status effects
A: retaliatory headbutt, horns 2
a: Renounce Religion


You were on level 4 of the Dungeon.
You worshipped Okawaru.
Okawaru was noncommittal.
You were very hungry.

You visited 2 branches of the dungeon, and saw 5 of its levels.

You collected 178 gold pieces.

Inventory:

Hand Weapons
 a - a +0 long sword (weapon)
Armour
 c - a +0 shield (worn)
 k - a +0 pair of boots (worn)
 q - a +0 plate armour (worn)
Jewellery
 w - a ring of magical power (left hand)
 y - a ring of protection from magic (right hand)
Wands
 s - a wand of random effects (31)
Scrolls
 g - 6 scrolls of remove curse {unknown}
 h - a scroll of amnesia {unknown}
 i - 2 scrolls of teleportation {unknown}
 p - 2 scrolls of identify {unknown}
 t - 2 scrolls of fog {unknown}
 x - 2 scrolls of magic mapping {unknown}
Potions
 d - a potion of might
 e - a potion of flight {unknown}
 l - a potion of lignification {unknown}
 n - a potion of curing
 o - a potion of magic {unknown}
 r - 2 potions of resistance {unknown}
 v - 2 potions of heal wounds {unknown}
 z - a potion of haste {unknown}
 A - 2 potions of brilliance {unknown}
Books
 u - a book of Maledictions

   Spells                             Type                      Level
   a - Corona                         Hexes                        1
   b - Ensorcelled Hibernation        Hexes/Ice                    2
   c - Confuse                        Hexes                        3
   d - Tukima's Dance                 Hexes                        3
   e - Dazzling Spray                 Conjuration/Hexes            3
Comestibles
 b - 3 meat rations
 f - 3 bread rations
 j - 3 royal jellies
 m - 5 fruits


   Skills:
 + Level 5.4 Fighting
 + Level 5.7 Long Blades
 + Level 5.4 Armour
 + Level 1.8 Dodging
 + Level 5.4 Shields


You had 6 spell levels left.
You didn't know any spells.

Dungeon Overview and Level Annotations

Branches:
Dungeon (4/15)             Temple (1/1) D:4

Altars:
Cheibriados
Elyvilon
Hepliaklqana
Kikubaaqudgha
Makhleb
Nemelex Xobeh
Okawaru
Qazlal
Ru
Sif Muna
Trog
Uskayaw
Vehumet
Xom
Yredelemnul
Zin
The Shining One

Annotations:
D:4 Duvessa


Innate Abilities, Weirdness & Mutations

You reflexively headbutt those who attack you in melee.
You have a pair of horns on your head.


Message History

Duvessa is heavily wounded.
You block Duvessa's attack. Duvessa hits you but does no damage.
You closely miss Duvessa.
Duvessa is heavily wounded.
You block Duvessa's attack. x2
You closely miss Duvessa.
Duvessa is heavily wounded.
Duvessa hits you with a short sword.
* * * LOW HITPOINT WARNING * * *
Duvessa hits you but does no damage.
You slash Duvessa!
Duvessa is almost dead.
Duvessa hits you with a short sword!
* * * LOW HITPOINT WARNING * * *
You barely miss Duvessa. Your headbutt misses Duvessa.
Duvessa is almost dead.
Duvessa hits you with a short sword.
* * * LOW HITPOINT WARNING * * *
Duvessa hits you with a short sword!
You die...

#### #... #... #####
#... ...... #...
.....$###############...
......e............)'...
#@......#######...
#.......# #### #.......#
#.......# #.......####
#### #........... ....
####+###.... .... ###
..... .... ... .....
....


You could see Duvessa (berserk).

Vanquished Creatures
  Sigmund (D:2)
  Edmund (D:4)
  The ghost of mortelune the Conjurer, an amateur DECj (D:3)
  Dowan (D:4)
  2 orc priests (D:4)
  A hound skeleton (D:4)
  5 adders
  2 worms (D:2)
  A dart slug (D:2)
  A leopard gecko (D:2)
  3 orcs (D:3)
  4 giant cockroaches
  6 goblins
  3 hobgoblins
  7 jackals
  3 quokkas (D:2)
  A ball python skeleton (D:4)
  9 bats
  A frilled lizard (D:2)
  A jackal skeleton (D:4)
  6 kobolds
  5 rats
65 creatures vanquished.

Notes
Turn   | Place    | Note
-------+----------+-------------------------------------------
     0 | D:1      | lemonriz the Minotaur Fighter began the quest for the Orb.
     0 | D:1      | Reached XP level 1. HP: 19/19 MP: 0/0
   476 | D:1      | Reached XP level 2. HP: 27/27 MP: 1/1
  1044 | D:2      | Noticed Sigmund
  1061 | D:2      | Killed Sigmund
  1061 | D:2      | Reached XP level 3. HP: 3/34 MP: 2/2
  1061 | D:2      | Reached XP level 4. HP: 4/41 MP: 3/3
  1061 | D:2      | Reached XP level 5. HP: 4/47 MP: 4/4
  2134 | D:3      | Noticed mortelune's ghost (amateur DECj)
  2161 | D:3      | Killed mortelune's ghost
  2161 | D:3      | Reached skill level 5 in Long Blades
  2161 | D:3      | Reached XP level 6. HP: 24/55 MP: 5/5
  2577 | D:3      | Reached skill level 5 in Fighting
  2705 | D:3      | Reached skill level 5 in Armour
  2927 | D:4      | Reached skill level 5 in Shields
  2930 | D:4      | Reached skill level 1 in Dodging
  3080 | D:4      | Found a staircase to the Ecumenical Temple.
  3096 | Temple   | Entered the Ecumenical Temple
  3139 | Temple   | Became a worshipper of Warmaster Okawaru
  3272 | D:4      | Noticed Edmund
  3291 | D:4      | Killed Edmund
  3291 | D:4      | Reached XP level 7. HP: 22/61 MP: 6/6
  3329 | D:4      | HP: 3/61 [poisoned by Edmund]
  3593 | D:4      | Noticed Dowan
  3634 | D:4      | Killed Dowan
  3653 | D:4      | Noticed Duvessa
  3671 | D:4      | Slain by Duvessa

Vault maps used:
D:1:      saegor_arrival_simple_e, serial_corexii_hall, corexii_hall_statues_i,
          corexii_hall_statues_l
D:2:      serial_forest, infiniplex_forest_clump_curved,
          infiniplex_forest_clump_tiny, infiniplex_forest_corner_2,
          infiniplex_forest_zigzag_2, infiniplex_forest_fountain,
          infiniplex_forest_clump_C, infiniplex_forest_lined_3, first_bread,
          minmay_vboxes, uniq_sigmund
D:4:      minmay_temple_entry_grid, uniq_duvessa, uniq_edmund
Temple:   minmay_crystal_spiral_temple

Skill      XL: |  1  2  3  4  5  6 |
---------------+-------------------+-----
Long Blades    | 4 5 |  5.7
Fighting       | 4 5 |  5.4
Armour         | 4 5 |  5.4
Shields        | 4 5 |  5.4
Dodging        | 1 |  1.8

Action                   |  1- 3 |  4- 6 |  7- 9 || total
-------------------------+-------+-------+-------++-------
Melee: Long sword        |    61 |   149 |    37 ||   247
       Headbutt          |     8 |    18 |     5 ||    31
  Use: Potion            |       |     1 |     1 ||     2
  Eat: Chunk             |       |     7 |     1 ||     8
Armor: Scale mail        |    27 |     5 |       ||    32
       Plate armour      |       |   100 |    17 ||   117
Dodge: Dodged            |    15 |    32 |     2 ||    49
Block: Shield            |    20 |    84 |    14 ||   118
       Rpst.: Long sword |     5 |    13 |       ||    18

Table legend:
 A = Spawn XP
 B = Non-spawn XP
 C = Spawn XP percentage of total XP
 D = Spawn monster count
 E = Non-spawn monster count
 F = Spawn count percentage of total count
 G = Total turns spent on level
                    A         B        C        D         E        F      G
               +---------+---------+-------+---------+---------+-------+---------
         Total |       0 |     825 |   0.0 |       0 |      65 |   0.0 |  3671
               +---------+---------+-------+---------+---------+-------+---------
           D:1 |       0 |      15 |   0.0 |       0 |      11 |   0.0 |   890
           D:2 |       0 |     283 |   0.0 |       0 |      23 |   0.0 |  1126
           D:3 |       0 |     158 |   0.0 |       0 |      19 |   0.0 |   971
           D:4 |       0 |     369 |   0.0 |       0 |      12 |   0.0 |   513
               +---------+---------+-------+---------+---------+-------+---------
